AoeStats
← [WKT] Conqu33ftador

Arena

508097274Analyzed
3v3 RM · 11d ago on Sep 20, 2026· 42m 44s· 6 players
Game mode
Random Map
Map size
Normal (6 player)
Population
200
Speed
Normal
Resources
Standard
Victory
Conquest
Starting age
Dark Age
Ending age
Imperial Age
RankedLock teamsTeams togetherTeam positionsShared explorationLock speedFull tech treeHidden civsTurbo modeCheats
Victory
Defeat
🇺🇸 Italians · United States
1175
+14
🇫🇷 Lithuanians · France
1175
+14
🇩🇪 Ethiopians · Germany
1147
+15
🇮🇱 Khmer · Israel
1191
-17
🇺🇸 Bohemians · United States
1169
-16
🇮🇱 Franks · Israel
1030
-10
Father Tres
11:52 Feudal Age
12:15 Loom
15:35 Castle Age
16:56 Wheelbarrow
17:14 Double-Bit Axe
20:31 Fletching
23:07 Hand Cart
24:30 Fervor
24:41 Sanctity
25:41 Redemption
26:34 Town Watch
33:36 Wagenburg Tactics
40:32 Imperial Age
38:23 Bow Saw
39:28 Fortified Wall
39:58 Ballistics
Oblivic
10:43 Feudal Age
14:06 Castle Age
12:15 Double-Bit Axe
13:23 Horse Collar
15:14 Bow Saw
15:12 Heavy Plow
20:47 Bloodlines
20:38 Husbandry
23:09 Scale Barding Armor
23:14 Forging
23:00 Light Cavalry
25:33 Gold Mining
26:54 Wheelbarrow
26:42 Chain Barding Armor
26:57 Iron Casting
26:46 Fletching
32:22 Imperial Age
29:52 Fletching
30:33 Bodkin Arrow
30:56 Loom
31:05 Loom
31:38 Hand Cart
32:08 Gold Shaft Mining
32:08 Stone Mining
32:13 Town Watch
33:41 Plate Barding Armor
34:07 Blast Furnace
32:50 Heavy Scorpion
33:00 Hussar
35:01 Ballistics
34:45 Bodkin Arrow
38:15 Blast Furnace
38:03 Masonry
39:31 Bracer
40:26 Architecture
41:00 Chemistry
Niro
11:51 Feudal Age
12:26 Town Watch
13:37 Double-Bit Axe
14:26 Loom
16:53 Castle Age
20:06 Bow Saw
19:52 Gold Mining
21:17 Man-at-Arms
23:19 Forging
25:29 Iron Casting
24:31 Pikeman
25:14 Squires
25:53 Stone Mining
27:41 Wheelbarrow
29:52 Arson
31:27 Hand Cart
33:25 Scale Barding Armor
33:21 Scale Mail Armor
33:19 Light Cavalry
34:22 Town Patrol
34:46 Chain Barding Armor
35:53 Chain Mail Armor
39:03 Imperial Age
38:10 Husbandry
[WKT] Conqu33ftador
10:33 Feudal Age
11:32 Double-Bit Axe
14:24 Castle Age
16:19 Bow Saw
18:41 Horse Collar
23:08 Wheelbarrow
22:47 Heavy Plow
24:17 Fletching
25:03 Crossbowman
25:52 Thumb Ring
25:45 Bodkin Arrow
31:21 Imperial Age
28:43 Loom
28:45 Town Watch
29:15 Hand Cart
29:46 Squires
29:48 Padded Archer Armor
30:00 Forging
30:21 Ballistics
30:14 Masonry
31:16 Gold Mining
31:20 Stone Mining
32:07 Bracer
31:29 Arbalester
33:14 Chemistry
33:37 Two-Man Saw
33:21 Leather Archer Armor
33:42 Iron Casting
33:07 Scale Mail Armor
35:05 Ring Archer Armor
34:39 Scale Mail Armor
34:55 Caravan
39:11 Blast Furnace
38:27 Chain Mail Armor
39:53 Siege Engineers
40:07 Halberdier
41:18 Plate Mail Armor
[WKT] Olam
11:02 Feudal Age
14:41 Castle Age
12:50 Double-Bit Axe
13:21 Horse Collar
16:26 Bloodlines
17:01 Light Cavalry
21:55 Fervor
27:24 Bow Saw
27:41 Heavy Plow
30:01 Redemption
31:13 Gold Mining
32:11 Fletching
33:14 Bodkin Arrow
35:02 Padded Archer Armor
40:43 Imperial Age
41:16 Scale Barding Armor
41:21 Forging
42:38 Chain Barding Armor
41:44 Cavalier
42:24 Husbandry
43:56 Iron Casting
[WKT] Pastisor
11:00 Feudal Age
14:41 Castle Age
13:21 Double-Bit Axe
13:17 Horse Collar
16:09 Wheelbarrow
16:50 Bow Saw
18:26 Loom
23:26 Fortified Wall
25:40 Town Watch
26:12 Hand Cart
27:58 Fletching
31:33 Imperial Age
29:07 Town Patrol
30:11 Bodkin Arrow
30:17 Padded Archer Armor
30:28 Devotion
31:18 Scale Mail Armor
31:30 Forging
32:48 Squires
32:33 Arson
33:08 Chain Mail Armor
34:37 Plate Mail Armor
37:05 Scale Barding Armor
37:42 Iron Casting
40:38 Blast Furnace
39:39 Bracer
40:51 Caravan
42:19 Elite Genoese Crossbowman
43:24 Silk Road
Connection lost

Rejoining the realm…

Still unreachable

The connection could not be restored.

Session expired

The server has moved on; the page needs a fresh start.